 Dungeon Crawl Stone Soup version 0.31.0-9-g3a7656b989 (webtiles) character file.

Game seed: 8506535544516662502

91 qw the Shooter (level 4, -1/25 HPs)
             Began as a Deep Elf Hunter on Feb 2, 2024.
             Killed by nerve-wracking pain
             ... invoked by Grinder
              (8 damage)
             ... on level 3 of the Dungeon.
             The game lasted 00:00:40 (1074 turns).

qw the Shooter (Deep Elf Hunter)                    Turns: 1074, Time: 00:00:40

Health: -1/25      AC: 11    Str: 10    XL:     4   Next: 33%
Magic:  6/6        EV: 11    Int: 14    God:
Gold:   87         SH:  0    Dex: 18    Spells: 3/3 levels left

rFire   . . .        a - +0 shortbow
rCold   . . .        (shield currently unavailable)
rNeg    . . .        b - +0 ring mail
rPois   .            d - +2 hat
rElec   .            (no cloak)
rCorr   .            (no gloves)
SInv    .            (no boots)
Will    .....        j - amulet of regeneration
Stlth   +            e - +4 ring of protection
HPRegen 1.04/turn    (no ring)
MPRegen 0.10/turn

%: no passive effects
@: no status effects
A: no striking features
a: no special abilities


You were on level 3 of the Dungeon.
You visited 1 branch of the dungeon, and saw 3 of its levels.

You collected 87 gold pieces.


   Skills:
 - Level 1.5 Fighting
 + Level 7.7 Ranged Weapons
 - Level 2.4 Dodging
 - Level 1.2 Stealth


You had 3 spell levels left.
You didn't know any spells.
Your spell library was empty.

Inventory:

Hand Weapons
 a - a +0 shortbow (weapon)
Armour
 b - a +0 ring mail (worn)
 d - a +2 hat (worn)
Jewellery
 e - a +4 ring of protection (left hand)
 f - a ring of fire
 j - an amulet of regeneration (around neck)
Scrolls
 c - a scroll of poison {unknown}
Potions
 h - 2 potions of curing

Dungeon Overview and Level Annotations

Branches:
Dungeon (3/15)

Altars:

Annotations:
D:3 Grinder


Message History

Grinder blinks!
You shoot an arrow.
The arrow hits Grinder but does no damage.
Grinder is lightly wounded.
You shoot an arrow. The arrow barely misses Grinder.
You shoot an arrow. The arrow closely misses Grinder.
Grinder hits you but does no damage.
You shoot an arrow. The arrow hits Grinder.
Grinder is lightly wounded.
Grinder hits you but does no damage.
You shoot an arrow. The arrow hits Grinder!
Grinder is moderately wounded.
Grinder hits you.
You shoot an arrow. The arrow hits Grinder.
Grinder is heavily wounded.
Grinder hits you.
You writhe in agony.
You shoot an arrow. The arrow closely misses Grinder.
Grinder hits you.
You shoot an arrow.
The arrow hits Grinder but does no damage.
Grinder is heavily wounded.
Grinder gestures at you. You resist with significant effort.
You shoot an arrow. The arrow hits Grinder!
Grinder is severely wounded.
Grinder hits you! Grinder gestures at you. Pain shoots through your body!
You shoot an arrow. The arrow hits Grinder.
Grinder is severely wounded.
Grinder barely misses you.
You shoot an arrow. The arrow barely misses Grinder.
Grinder closely misses you.
You shoot an arrow. The arrow hits Grinder.
Grinder is almost dead.
Grinder says, "Don't move a muscle."
Grinder gestures at you. Pain shoots through your body!
You die...
Grinder says, "Now the real fun starts!"

...###...<#.##.# ##
###..[..... #....#####
#......... ##.#..####
#........
##...#.########
#####..............
...#.#.##.@######.#
#####.#.#...5>.......#
...#...........######
######.#.........###
.................#
.##...###........#
.##..............#
......###........#
......<...##.#####


You could see Grinder.

Vanquished Creatures
  A gnoll (D:1)
  3 adders
  2 dart slugs
  2 ribbon worms (D:2)
  An endoplasm (D:2)
  3 giant cockroaches
  6 goblins
  A hobgoblin (D:1)
  2 jackals (D:1)
  4 quokkas
  10 ball pythons
  A bat (D:1)
  5 frilled lizards
  3 kobolds
  6 rats
50 creatures vanquished.

Notes
Turn   | Place    | Note
-------+----------+-------------------------------------------
     0 | D:1      | qw the Deep Elf Hunter began the quest for the Orb.
     0 | D:1      | Reached XP level 1. HP: 12/12 MP: 3/3
     0 | D:1      | 0 ||| qw: Version: 0.3-a-155-g5e7d8dd
     0 | D:1      | 0 ||| qw: Game counter: 2859
     0 | D:1      | 0 ||| qw: Melee chars always use a shield: true
     0 | D:1      | 0 ||| qw: God list: Okawaru
     0 | D:1      | 0 ||| qw: Allow faded altars: false
     0 | D:1      | 0 ||| qw: Do Orc after clearing Dungeon:15 true
     0 | D:1      | 0 ||| qw: Do second Lair branch before Depths: true
     0 | D:1      | 0 ||| qw: Lair rune preference: random
     0 | D:1      | 0 ||| qw: Goals: Normal
     0 | D:1      | 0 ||| PLANNING D:1-11
   128 | D:1      | Reached XP level 2. HP: 16/16 MP: 4/4
   130 | D:1      | Reached skill level 6 in Ranged Weapons
   159 | D:1      | 159 ||| UPGRADING to +4 ring of protection.
   264 | D:1      | Reached XP level 3. HP: 20/20 MP: 5/5
   463 | D:1      | 463 ||| UPGRADING to amulet of regeneration.
   468 | D:1      | 468 ||| READING scroll labelled LOTUOG QEISANA.
   473 | D:1      | 473 ||| READING 3 scrolls labelled ZESERE FAUXU.
   473 | D:1      | 473 ||| IDENTIFYING fuming blue potion
   474 | D:1      | 474 ||| READING 2 scrolls of identify.
   474 | D:1      | 474 ||| IDENTIFYING 2 bubbling white potions
   475 | D:1      | 475 ||| READING scroll of identify.
   475 | D:1      | 475 ||| IDENTIFYING scroll labelled CUFI AVIZXUIT
   476 | D:1      | 476 ||| DROPPING scroll of butterflies.
   477 | D:1      | 477 ||| DROPPING potion of invisibility.
   478 | D:1      | 478 ||| DROPPING scroll of immolation.
   491 | D:2      | 491 ||| STAIRDANCE
   503 | D:2      | 503 ||| STAIRDANCE
   508 | D:1      | Reached skill level 7 in Ranged Weapons
   691 | D:2      | Reached XP level 4. HP: 25/25 MP: 6/6
   889 | D:2      | 889 ||| UPGRADING to +0 ring mail.
   899 | D:2      | 899 ||| DROPPING +0 leather armour.
   900 | D:2      | 900 ||| UPGRADING to +2 hat.
   905 | D:2      | 905 ||| DROPPING +1 robe of willpower.
   906 | D:2      | 906 ||| READING scroll of identify.
   906 | D:2      | 906 ||| IDENTIFYING purple potion
   907 | D:2      | 907 ||| DRINKING 2 lumpy pink potions.
   908 | D:2      | 908 ||| FLEEEEING.
   909 | D:2      | 909 ||| FLEEEEING.
   910 | D:2      | 910 ||| FLEEEEING.
   911 | D:2      | 911 ||| FLEEEEING.
   912 | D:2      | 912 ||| FLEEEEING.
   913 | D:2      | 913 ||| FLEEEEING.
   914 | D:2      | 914 ||| FLEEEEING.
   915 | D:2      | 915 ||| FLEEEEING.
   916 | D:2      | 916 ||| FLEEEEING.
   917 | D:2      | 917 ||| FLEEEEING.
   918 | D:2      | 918 ||| FLEEEEING.
   919 | D:2      | 919 ||| FLEEEEING.
   920 | D:2      | 920 ||| FLEEEEING.
   921 | D:2      | 921 ||| FLEEEEING.
   922 | D:2      | 922 ||| FLEEEEING.
   923 | D:2      | 923 ||| FLEEEEING.
   924 | D:2      | 924 ||| FLEEEEING.
   925 | D:2      | 925 ||| FLEEEEING.
   926 | D:2      | 926 ||| FLEEEEING.
   927 | D:2      | 927 ||| FLEEEEING.
   928 | D:2      | 928 ||| FLEEEEING.
   929 | D:2      | 929 ||| FLEEEEING.
   930 | D:2      | 930 ||| FLEEEEING.
   931 | D:2      | 931 ||| FLEEEEING.
   932 | D:2      | 932 ||| FLEEEEING.
   933 | D:2      | 933 ||| FLEEEEING.
   934 | D:2      | 934 ||| FLEEEEING.
   935 | D:2      | 935 ||| FLEEEEING.
   936 | D:2      | 936 ||| FLEEEEING.
   937 | D:2      | 937 ||| DROPPING potion of berserk rage.
   938 | D:2      | 938 ||| DROPPING potion of magic.
   993 | D:3      | 993 ||| FLEEEEING.
  1055 | D:3      | Noticed Grinder
  1071 | D:3      | HP: 3/25 [Grinder/nerve-wracking pain (5)]
  1074 | D:3      | Killed from afar by Grinder

Levels and vault maps discovered:
D:1:      beargit_arrival_greenhouse, layout_basic, minmay_surrounded
D:2:      layout_rooms
D:3:      layout_basic, shapermc_ecumenical_altar_pompeii, uniq_grinder

Skill      XL: |  1  2  3 |
---------------+----------+-----
Ranged Weapons | 6 7 |  7.7
Fighting       | |  1.5
Dodging        | |  2.4
Stealth        | |  1.2

Action                     |  1- 3 |  4- 6 || total
---------------------------+-------+-------++-------
   Fire: Shortbow          |   103 |    52 ||   155
    Use: Scroll            |     4 |     1 ||     5
         Potion            |       |     1 ||     1
 Armour: Leather armour    |    13 |       ||    13
         Ring mail         |       |     9 ||     9
  Dodge: Dodged            |    18 |     8 ||    26

Table legend:
 A = Non-vault XP
 B = Vault XP
 C = Vault XP percentage of total XP
 D = Non-vault monster count
 E = Vault monster count
 F = Vault count percentage of total count
                 A         B        C        D         E       F
            +---------+---------+-------+---------+---------+-------
      Total |     125 |       5 |   3.8 |      46 |       4 |   8.0
            +---------+---------+-------+---------+---------+-------
        D:1 |      70 |       5 |   6.7 |      24 |       4 |  14.3
        D:2 |      48 |       0 |   0.0 |      19 |       0 |   0.0
        D:3 |       7 |       0 |   0.0 |       3 |       0 |   0.0
            +---------+---------+-------+---------+---------+-------
